 Dungeon Crawl Stone Soup version 0.24-a0-208-g17bec22d17 (webtiles) character file.

Game seed: 3520001768239913316

4 Redear the Vexing (level 1, 0/7 HPs)
             Began as a Felid Enchanter on Mar 29, 2019.
             Hit by a stone thrown by a kobold (2 damage)
             ... on level 1 of the Dungeon.
             The game lasted 00:01:36 (142 turns).

Redear the Vexing (Felid Enchanter)                  Turns: 142, Time: 00:01:36

Health: 0/7        AC:  1    Str:  4    XL:     1   Next: 50%
Magic:  3/4        EV: 18    Int: 16    God:
Gold:   10         SH:  0    Dex: 16    Spells: 3/4 levels left
                                        Lives:  0   Deaths: 0

rFire    . . .     SeeInvis +     - Unarmed
rCold    . . .     Gourm    .   (shield unavailable)
rNeg     . . .     Faith    .   (armour unavailable)
rPois    .         Spirit   .   (helmet unavailable)
rElec    .         Reflect  .   (cloak unavailable)
rCorr    .         Harm     .   (gloves unavailable)
MR       .....                  (boots unavailable)
Stlth    +++.......             (no amulet)
HPRegen  0.02/turn              (no ring)
MPRegen  0.09/turn              (no ring)

@: quick
A: very small, no armour, no weapons or thrown items, stealth, claws 1, fangs 3,
see invisible, carnivore, speed 1, shaggy fur 1, slow metabolism 1, sharp paws
a: no special abilities


You were on level 1 of the Dungeon.
You were not hungry.

You visited 1 branch of the dungeon, and saw 2 of its levels.

You collected 10 gold pieces.

Inventory:

Potions
 a - a potion of heal wounds {unknown}
Comestibles
 b - a ration


   Skills:
 - Level 2.6 Dodging
 + Level 4.2 Stealth
 + Level 1.3 Unarmed Combat
 - Level 2.0 Spellcasting
 - Level 4.4 Hexes


You had 3 spell levels left.
You knew the following spells:

 Your Spells              Type           Power        Failure   Level  Hunger
v - Corona                Hex            ###....      3%          1    #......

Your spell library contained the following spells:

 Spells                   Type           Power        Failure   Level  Hunger
 Confuse                  Hex            ###.....     11%         3    ###....
 Tukima's Dance           Hex            ###.....     11%         3    ###....
 Ensorcelled Hibernation  Hex/Ice        #.....       13%         2    ###....
 Dazzling Spray           Conj/Hex       #.....       26%         3    ###....


Dungeon Overview and Level Annotations

Branches:
Dungeon (2/15)

Altars:
Okawaru


Innate Abilities, Weirdness & Mutations

You cannot wear armour.
You are incapable of wielding weapons or throwing items.
Your paws allow you to move quietly. (Stealth)
You have sharp claws.
You have razor-sharp teeth.
You have supernaturally acute eyesight. (SInv)
You are carnivorous and can eat meat at any time.
You cover ground quickly.
You are covered in fur. (AC +1)
You have a slow metabolism.
Your sharp claws are effective at attacking unaware monsters.


Message History

You barely miss the jackal. The jackal closely misses you. x2
Unknown command.
You scratch the jackal. The jackal bites you.
* * * LOW HITPOINT WARNING * * *
You take 1 damage, and have 1/7 hp.
Unknown command.
Unknown command.
You scratch the jackal. The jackal misses you.
Unknown command.
Unknown command.
You scratch the jackal.
You kill the jackal!
Unknown command.
MP restored: 4 You see here a sedimented purple potion.
a - a sedimented purple potion
Aim: a kobold (hasn't noticed you, chance to defeat MR: 69%)
The kobold shouts!
The kobold is outlined in light.
The kobold throws a stone.
The stone hits you.
You die...

.P♣♣.P#.<....... .. #. .
♣PP.#.....###. #.#..
♣PP..P#.....#### #....
.PPPPP#.....##.. #.#..
..P♣PP#.....##.# #....
..P...#..K..##.# #...#
P..P.P#.....##.# #..##
♣PPP.#.....##.########...#
####...@................
........####.........#..
.###.......#......(.....
#.#####.#...g........ #.
#.#........###. #
#.#######.#.# .
#.....g...#....
###########.### .#


You could see a kobold.

Levels and vault maps discovered:
D:1:      minmay_arrival_arboretum_small, layout_basic,
          okawaru_ov_weapons_minmay
D:2:      layout_rooms

Notes
Turn   | Place    | Note
-------+----------+-------------------------------------------
     0 | D:1      | Redear the Felid Enchanter began the quest for the Orb.
     0 | D:1      | Reached XP level 1. HP: 7/7 MP: 4/4
    84 | D:2      | Identified a +0 hunting sling
    92 | D:1      | Found an iron altar of Okawaru.
   102 | D:1      | HP: 1/7 [jackal (1)]
   142 | D:1      | Hit by a stone thrown by a kobold

Table legend:
 A = Turns spent in this place as a percentage of turns spent in the entire game.
 B = Non-inter-level travel turns spent in this place as a percentage of non-inter-level travel turns spent in the entire game.
 C = Inter-level travel turns spent in this place as a percentage of turns spent in this place.
 D = Turns resting spent in this place as a percentage of non-inter-level travel turns spent in this place.
 E = Turns spent auto-exploring this place as a percentage of non-inter-level travel turns spent in this place.
 F = Non-inter-level travel turns spent in this place divided by the number of levels of this place that you've seen.
                   A       B       C       D       E      F
               +-------+-------+-------+-------+-------+----------------------
         Total | 100.0 | 100.0 |   0.0 |   0.0 |  19.0 |  71.0
       Dungeon | 100.0 | 100.0 |   0.0 |   0.0 |  19.0 |  71.0
               +-------+-------+-------+-------+-------+----------------------

Table legend:
 A = Kills in this place as a percentage of kills in entire the game.
 B = Kills by you in this place as a percentage of kills by you in the entire game.
 C = Kills by friends in this place as a percentage of kills by friends in the entire game.
 D = Other kills in this place as a percentage of other kills in the entire game.
 E = Experience gained in this place as a percentage of experience gained in the entire game.
 F = Experience gained in this place divided by the number of levels of this place that you have seen.
                   A       B       C       D       E      F
               +-------+-------+-------+-------+-------+----------------------
         Total | 100.0 | 100.0 |   N/A |   N/A | 100.0 |   3.0
       Dungeon | 100.0 | 100.0 |   N/A |   N/A | 100.0 |   3.0
               +-------+-------+-------+-------+-------+----------------------

Action                   || total
-------------------------++-------
Melee: Unarmed           ||    19
 Cast: Corona            ||     5
 Stab: Sleeping          ||     2
Armor: Skin              ||     1
Dodge: Dodged            ||    28

Vanquished Creatures
  A giant cockroach (D:1)
  A hobgoblin (D:1)
  A jackal (D:1)
3 creatures vanquished.
